 Dungeon Crawl Stone Soup version 0.25.1-9-gc5326a611f (webtiles) character file.

Game seed: 12422929161222387206

756 krokodile the Quickloader (level 7, -4/63 HPs)
             Began as a Deep Dwarf Hunter on Mar 1, 2021.
             Slain by a mana viper (9 damage)
             ... on level 4 of the Dungeon on Mar 16, 2021.
             The game lasted 01:56:28 (3528 turns).

krokodile the Quickloader (Deep Dwarf Hunter)       Turns: 3528, Time: 01:56:28

Health: -4/63      AC:  4    Str: 18    XL:     7   Next: 50%
Magic:  0/7        EV: 12    Int: 11    God:
Gold:   183        SH:  0    Dex: 13    Spells: 6/6 levels left

rFire    . . .     SeeInvis .   a - +2 hand crossbow
rCold    . . .     Gourm    .   (no shield)
rNeg     . . .     Faith    .   c - +0 leather armour
rPois    .         Spirit   .   (no helmet)
rElec    .         Reflect  .   (no cloak)
rCorr    .         Harm     .   (no gloves)
MR       +....                  I - +0 pair of boots
Stlth    ++........             (no amulet)
HPRegen  0.00/turn              (no ring)
MPRegen  0.10/turn              (no ring)

@: non-regenerating
A: damage resistance, heal wounds, sense surroundings 1, no regeneration
a: Heal Wounds


You were on level 4 of the Dungeon.
You were not hungry.

You visited 1 branch of the dungeon, and saw 4 of its levels.

You collected 183 gold pieces.

Inventory:

Hand Weapons
 a - a +2 hand crossbow (weapon)
 b - a +0 short sword
 m - a +0 dagger of draining
 t - a +0 short sword
 u - a cursed -3 short sword
 A - a +0 scythe
Missiles
 d - 4 bolts (quivered)
 g - 4 boomerangs
 C - 18 arrows
Armour
 c - a +0 leather armour (worn)
 k - a +0 robe
 p - a +0 robe
 w - a +0 ring mail
 E - a +0 leather armour
 F - a +0 scale mail
 I - a +0 pair of boots (worn)
 J - a +1 leather armour of fire resistance
Wands
 s - a wand of polymorph (6)
Scrolls
 e - a scroll of enchant weapon
 j - 2 scrolls of teleportation
 l - a scroll of amnesia {unknown}
 q - a scroll of random uselessness {unknown}
 x - a scroll of fog
 y - a scroll of enchant armour {unknown}
 z - a scroll of remove curse {unknown}
 B - a scroll of magic mapping {unknown}
Potions
 h - a potion of resistance {unknown}
 n - a potion of haste
 o - a potion of lignification {unknown}
 r - a potion of ambrosia
 v - a potion of might {unknown}
 G - a potion of curing {unknown}
 H - a potion of stabbing {unknown}
Comestibles
 f - 10 rations
 D - 2 chunks of flesh


   Skills:
 + Level 3.9 Fighting
 + Level 0.1 Short Blades
 + Level 8.5 Crossbows
 + Level 2.1 Armour
 + Level 2.6 Dodging
 + Level 1.9 Stealth
 + Level 1.1 Evocations


You had 6 spell levels left.
You didn't know any spells.
Your spell library was empty.

Dungeon Overview and Level Annotations

Branches:
Dungeon (4/15)
 Temple: D:4-7

Altars:


Innate Abilities, Weirdness & Mutations

You are resistant to damage.
You can heal yourself by infusing magical energy.
You passively map a small area around you.
You do not regenerate.


Message History

* * * LOW HITPOINT WARNING * * *
Unknown command.
Aiming: Polymorph
Press: ? - help, Shift-Dir - straight line, f/p - mana viper
Aim: a mana viper (chance to defeat MR: 1%)
The mana viper resists with almost no effort.
The mana viper bites you!
* * * LOW HITPOINT WARNING * * *
You feel your power leaking away.
Aiming: Polymorph
Press: ? - help, Shift-Dir - straight line, f/p - mana viper
Aim: a mana viper (chance to defeat MR: 1%)
The mana viper resists with almost no effort.
The mana viper barely misses you.
Aiming: Polymorph
Press: ? - help, Shift-Dir - straight line, f/p - mana viper
Aim: a mana viper (chance to defeat MR: 1%)
The mana viper resists with almost no effort.
The mana viper bites you!
You die...

###...............*
#.####.....####.# #,
##...## .# , ##.## .# #####
* , #.# , .# ..((. *.
,+#.#+ .# ,#.##.
###...###...###(..# ,##
#.........8..((....
#.#...###.@S###...# , #.#.,
* +#.#+ **... * #.# * #.# ,
#.# .# #.#, ##.## ,#.# * ..
#.#, ##...##, #.# * #.
#.#.####.....####.# # #.
#.#...............#.# #.
#.##.####..##.###.#.## #.
#.##..........##.....#####.


You could see a mana viper.

Vanquished Creatures
  Sigmund (D:3)
  An ogre (D:4)
  A big kobold (D:3)
  A scorpion (D:4)
  2 jellies (D:2)
  An orc priest (D:4)
  4 worker ants (D:4)
  A worker ant zombie (D:2)
  9 adders
  9 oozes
  An adder skeleton (D:4)
  4 worms
  A leopard gecko (D:4)
  2 orcs (D:3)
  10 bats
  5 giant cockroaches
  5 goblins
  6 hobgoblins
  2 jackals (D:4)
  A quokka (D:2)
  3 frilled lizards
  17 kobolds
  7 rats
94 creatures vanquished.

Vanquished Creatures (others)
  2 fungi (D:2)
  7 toadstools (D:2)
9 creatures vanquished.

Grand Total: 103 creatures vanquished

Notes
Turn   | Place    | Note
-------+----------+-------------------------------------------
     0 | D:1      | krokodile the Deep Dwarf Hunter began the quest for the
                  | Orb.
     0 | D:1      | Reached XP level 1. HP: 19/19 MP: 1/1
   323 | D:1      | Reached XP level 2. HP: 26/26 MP: 2/2
   418 | D:1      | Reached skill level 5 in Crossbows
  1049 | D:2      | Reached XP level 3. HP: 32/32 MP: 3/3
  1252 | D:2      | Reached skill level 1 in Armour
  1252 | D:2      | Reached XP level 4. HP: 35/39 MP: 4/4
  1393 | D:2      | Reached skill level 6 in Crossbows
  1893 | D:2      | Reached XP level 5. HP: 41/45 MP: 5/5
  2248 | D:3      | Noticed Sigmund
  2253 | D:3      | Killed Sigmund
  2253 | D:3      | Reached skill level 7 in Crossbows
  2253 | D:3      | Reached XP level 6. HP: 37/55 MP: 6/6
  2682 | D:3      | Noticed Ijyb
  2688 | D:3      | Noticed Ijyb
  2688 | D:3      | Ijyb changed into Ijyb the porcupine
  2691 | D:3      | Noticed Ijyb
  2691 | D:3      | Ijyb the porcupine changed into Ijyb the big kobold
  2696 | D:3      | Killed Ijyb the big kobold
  2721 | D:3      | Found a faded altar of an unknown god.
  2903 | D:4      | Reached XP level 7. HP: 34/62 MP: 7/7
  3024 | D:4      | Reached skill level 8 in Crossbows
  3076 | D:4      | Reached skill level 1 in Evocations
  3444 | D:4      | Noticed a hippogriff
  3521 | D:4      | Noticed an elephant
  3521 | D:4      | a hippogriff changed into an elephant
  3522 | D:4      | Noticed a merfolk
  3522 | D:4      | an elephant changed into a merfolk
  3524 | D:4      | Noticed a mana viper
  3524 | D:4      | a merfolk changed into a mana viper
  3528 | D:4      | Slain by a mana viper

Illustrated notes

Levels and vault maps discovered:
D:1:      dpeg_arrival_morbid_curiosity, layout_basic
D:2:      cheibrodos_fertilizer, layout_rooms, minmay_misc_feat_cross,
          st_stairs_6
D:3:      layout_basic, chequers_ecumenical_altar_simple, uniq_sigmund,
          uniq_ijyb
D:4:      cheibrodos_barr_body, layout_loops_ring, first_ration,
          minmay_manual_mess

Skill      XL: |  1  2  3  4  5  6  7 |
---------------+----------------------+-----
Crossbows      | 5 6 7 8 |  8.5
Armour         | 1 2 |  2.1
Fighting       | 2 3 |  3.9
Evocations     | 1 |  1.1
Short Blades   | |  0.1
Dodging        | |  2.6
Stealth        | |  1.9

Action                   |  1- 3 |  4- 6 |  7- 9 || total
-------------------------+-------+-------+-------++-------
Melee: Short sword       |     1 |    18 |    13 ||    32
 Fire: Hand crossbow     |    72 |   126 |    33 ||   231
Evoke: Wand              |       |     4 |     8 ||    12
  Use: Scroll            |     1 |     3 |     5 ||     9
       Potion            |       |     2 |     1 ||     3
  Eat: Ration            |     1 |       |       ||     1
       Chunk             |       |     3 |     1 ||     4
Armor: Leather armour    |     8 |    21 |     8 ||    37
Dodge: Dodged            |    23 |    41 |    21 ||    85
